 Dungeon Sprint DCSS version 0.17-a0-1646-geb1493d (webtiles) character file.

7008 Kidiri the Unseen (level 10, -17/39 HPs)
             Began as a Spriggan Enchanter on Aug 10, 2015.
             Was an Elder of Dithmenos.
             Demolished by a spriggan berserker
             ... wielding a +0 antimagic flail
              (20 damage)
             ... in the Dungeon (Sprint IV: "Fedhas' Mad Dash").
             The game lasted 00:12:08 (3727 turns).

Kidiri the Unseen (Spriggan Enchanter)              Turns: 3727, Time: 00:12:08

Health: -17/39     AC:  6    Str:  4    XL:     10   Next: 82%
Magic:  14/27      EV: 32    Int: 18    God:    Dithmenos [****..]
Gold:   150        SH:  0    Dex: 19    Spells: 9 memorised, 1 level left

rFire  . . .     SeeInvis +     l - +0 rapier
rCold  . . .     Clarity  .     b - +1 robe
rNeg   . . .     SustAt   .     (shield restricted)
rPois  .         Gourm    .     (helmet restricted)
rElec  .         Spirit   .     a - +2 cloak {+Inv}
rCorr  +         Warding  .     (gloves unavailable)
rMut   .         NoTele   +     (boots unavailable)
MR     +....                    m - amulet of resist corrosion
Stlth  ++++++++++               (no ring)
                                (no ring)

@: very slightly contaminated, wreathed by umbra, invisible (expiring), very
quick, somewhat resistant to hostile enchantments, uncannily stealthy
A: unfitting armour, see invisible, herbivore 3, speed 3, frail 1, slow
metabolism 2
a: Shadow Step, Renounce Religion, Turn Visible


You were in the Dungeon.
You worshipped Dithmenos.
Dithmenos was greatly pleased with you.
You were not hungry.

You visited 1 branch You collected 240 gold pieces.
You spent 90 gold pieces at shops.

Inventory:

Hand weapons
 l - a +0 rapier (weapon)
Armour
 a - a +2 cloak of invisibility (worn)
 b - a +1 robe (worn)
Jewellery
 m - an amulet of resist corrosion (around neck)
Magical devices
 f - a wand of lightning (0)
Scrolls
 e - 2 scrolls of identify {unknown}
 j - a scroll of blinking
 k - a scroll of fog {unknown}
Potions
 g - a potion of haste
 h - 2 potions of magic
 i - a potion of berserk rage
Books
 c - a book of Ice

   Spells                             Type                      Level
   a - Ice Form                       Ice/Transmutation            4
   b - Metabolic Englaciation         Hexes/Ice                    5
   c - Ozocubu's Refrigeration        Ice                          6
   d - Bolt of Cold                   Conjuration/Ice              6
   e - Freezing Cloud                 Conjuration/Ice/Air          6
   f - Simulacrum                     Ice/Necromancy               6
Comestibles
 d - 2 royal jellies
 n - a slice of pizza


   Skills:
 + Level 8.6 Short Blades
 * Level 15.0 Dodging
 * Level 16.2 Stealth
 * Level 12.8 Spellcasting
 + Level 5.3 Conjurations
 + Level 10.0 Hexes
 + Level 7.3 Transmutations
 * Level 6.4 Ice Magic
 - Level 6.4 Invocations
 + Level 9.2 Evocations


You had one spell level left.
You knew the following spells:

 Your Spells              Type           Power        Failure   Level  Hunger
a - Corona                Hex            #####..      1%          1    None
b - Ensorcelled Hibernat  Hex/Ice        #####.       1%          2    None
c - Confuse               Hex            #####...     1%          3    None
d - Tukima's Dance        Hex            #####...     1%          3    None
e - Dazzling Spray        Conj/Hex       #####...     1%          3    None
f - Metabolic Englaciati  Hex/Ice        #####.....   8%          5    ####...
g - Ice Form              Ice/Trmt       #####...     3%          4    #......
h - Bolt of Cold          Conj/Ice       ####......   82%         6    ######.
i - Ozocubu's Refrigerat  Ice            ####......   71%         6    ######.


Dungeon Overview and Level Annotations

Branches:
Dungeon (1/1)

Altars:
Cheibriados
Dithmenos
Elyvilon
Gozag
Kikubaaqudgha
Makhleb
Nemelex Xobeh
Okawaru
Qazlal
Ru
Sif Muna
Trog
Vehumet
Xom
Yredelemnul
Zin
The Shining One
Beogh
Jiyva
Lugonu

Shops:
D ![:!::[(


Innate Abilities, Weirdness & Mutations

You are tiny and cannot use many weapons and most armour.
You have supernaturally acute eyesight.
You are a herbivore.
You cover ground extremely quickly.
You need consume almost no food.
You are frail (-10% HP).


Message History

Unknown command.
Casting: Dazzling Spray
Confirm with . or Enter, or press ? or * to list all spells.
Aiming: Dazzling Spray
Press: ? - help, Shift-Dir - straight line, f/p - Agnes
Aim: Agnes, wielding a lajatang of pain and wearing a robe (almost dead, umbra)
The spray of energy hits Agnes.
You kill Agnes!
Dithmenos accepts your kill.
Your shadow now sometimes tangibly mimics your actions.
Your Dodging skill increases to level 15!
Your Stealth skill increases to level 16!
Your Hexes skill increases to level 10!
Your Transmutations skill increases to level 7!
Your Ice Magic skill increases to level 6!
Your Evocations skill increases to level 9!
The polar bear growls angrily.
The spriggan berserker hits you with an antimagic flail!!
Ouch! That really hurt!
You die...

#.⌠.........⌠.#..'.[)#....##∩##)#
'._._._._._._.'..#=..#....'%.##'#
#_._._._._._._#..###'##.).##∩#..#
#._._._._._._.#..##∩∩.'..:#####..
#.⌠...._....⌠.#################..
###################....))###....)
#♣♣♣♣♣..♣:###.'..'.......')'...♣.
......♣.:♣##:.#..#.P.....########
♣..♣♣♣.♣).###.##@##.P....#
.♣♣..♣...♣'...#♣i♣########
###############Yh.§.####
#.§♣§§♣....# #...♣§§§§..♣..
......♣§§§..∩.i. ##### ##########


You could see a death yak (berserk), a spriggan berserker and a polar bear
(berserk).

Vanquished Creatures
  Agnes (D)
  A spriggan druid (D)
  6 oklob plants (D)
  A demonic crawler (D)
  A queen bee (D)
  3 burning bushes (D)
  3 wandering mushrooms (D)
  A wasp (D)
  4 killer bees (D)
  2 scorpions (D)
  A worker ant (D)
  5 oklob saplings (D)
  5 spriggans (D)
  A river rat (D)
  A rat (D)
  A giant spore (D)
37 creatures vanquished.

Notes
Turn   | Place    | Note
--------------------------------------------------------------
     0 | D        | Kidiri the Spriggan Enchanter began the quest for the Orb.
     0 | D        | Reached XP level 1. HP: 9/9 MP: 5/5
     9 | D        | Reached skill level 5 in Stealth
     9 | D        | Reached XP level 2. HP: 13/13 MP: 7/7
    18 | D        | Learned a level 2 spell: Ensorcelled Hibernation
   132 | D        | Noticed an oklob sapling
   134 | D        | Killed an oklob sapling
   134 | D        | Reached skill level 5 in Dodging
   134 | D        | Reached skill level 6 in Stealth
   134 | D        | Reached skill level 1 in Ice Magic
   134 | D        | Reached XP level 3. HP: 16/16 MP: 7/9
   139 | D        | Learned a level 3 spell: Confuse
   143 | D        | Learned a level 3 spell: Tukima's Dance
   153 | D        | Noticed a worker ant
   155 | D        | Killed a worker ant
   155 | D        | Reached skill level 7 in Stealth
   173 | D        | Noticed an oklob sapling
   176 | D        | Killed an oklob sapling
   176 | D        | Reached skill level 5 in Spellcasting
   176 | D        | Reached skill level 5 in Hexes
   176 | D        | Reached skill level 1 in Evocations
   176 | D        | Reached XP level 4. HP: 21/21 MP: 12/12
   192 | D        | Learned a level 3 spell: Dazzling Spray
   195 | D        | Found a snail-covered altar of Cheibriados.
   195 | D        | Found a glowing silver altar of Zin.
   195 | D        | Found a white marble altar of Elyvilon.
   195 | D        | Found a viscous altar of Jiyva.
   195 | D        | Found a radiant altar of Vehumet.
   195 | D        | Found a deep blue altar of Sif Muna.
   195 | D        | Found an ancient bone altar of Kikubaaqudgha.
   195 | D        | Found a bloodstained altar of Trog.
   195 | D        | Found a corrupted altar of Lugonu.
   195 | D        | Noticed an oklob sapling priest
   196 | D        | Found a burning altar of Makhleb.
   196 | D        | Found a sacrificial altar of Ru.
   197 | D        | Found a glowing golden altar of the Shining One.
   197 | D        | Found a sparkling altar of Nemelex Xobeh.
   198 | D        | Found a shadowy altar of Dithmenos.
   199 | D        | Found a shimmering altar of Xom.
   199 | D        | Found an iron altar of Okawaru.
   203 | D        | Found an opulent altar of Gozag.
   204 | D        | Found a roughly hewn altar of Beogh.
   204 | D        | Found a basalt altar of Yredelemnul.
   218 | D        | Killed an oklob sapling priest
   218 | D        | Reached skill level 8 in Stealth
   218 | D        | Reached XP level 5. HP: 24/24 MP: 3/14
   220 | D        | Found a stormy altar of Qazlal.
   224 | D        | Became a worshipper of Dithmenos the Shadowed
   328 | D        | Noticed an oklob sapling wizard
   331 | D        | Killed an oklob sapling wizard
   331 | D        | Reached skill level 9 in Stealth
   331 | D        | Reached skill level 1 in Conjurations
   342 | D        | Noticed a scorpion
   345 | D        | Reached skill level 1 in Invocations
   348 | D        | Killed a scorpion
   348 | D        | Reached XP level 6. HP: 28/28 MP: 15/17
   446 | D        | Found Somong's Antique Armour Shop.
   446 | D        | Found Udoam's Distillery.
   454 | D        | Bought an embroidered cloak for 90 gold pieces
   471 | D        | Noticed a burning bush
   471 | D        | Noticed a wandering mushroom
   472 | D        | Noticed a scorpion
   472 | D        | Noticed a wandering mushroom
   478 | D        | Killed a wandering mushroom
   478 | D        | Reached skill level 5 in Short Blades
   478 | D        | Reached skill level 10 in Stealth
   488 | D        | Killed a scorpion
   488 | D        | Reached skill level 11 in Stealth
   488 | D        | Reached XP level 7. HP: 12/32 MP: 1/19
   713 | D        | Killed a burning bush
   713 | D        | Reached skill level 10 in Dodging
   713 | D        | Reached skill level 5 in Evocations
   721 | D        | Killed a wandering mushroom
   908 | D        | Found Piyr's Book Emporium.
   908 | D        | Found Guhownuh's Book Shoppe.
   919 | D        | Learned a level 5 spell: Metabolic Englaciation
   924 | D        | Learned a level 4 spell: Ice Form
  1044 | D        | Gained mutation: You are frail (-10% HP). [mutagenic glow]
  1791 | D        | Noticed a queen bee
  1791 | D        | Noticed a killer bee
  1792 | D        | Noticed a killer bee
  1794 | D        | Noticed a killer bee
  1794 | D        | Noticed a killer bee
  1801 | D        | Killed a killer bee
  1801 | D        | Acquired Dithmenos's first power
  1802 | D        | Killed a killer bee
  1807 | D        | Killed a killer bee
  1807 | D        | Reached skill level 12 in Stealth
  1807 | D        | Reached skill level 1 in Transmutations
  1808 | D        | Killed a killer bee
  1812 | D        | Killed a queen bee
  1812 | D        | Reached XP level 8. HP: 20/32 MP: 15/22
  2103 | D        | Noticed an oklob plant
  2108 | D        | Killed an oklob plant
  2108 | D        | Reached skill level 13 in Stealth
  2108 | D        | Reached skill level 10 in Spellcasting
  2265 | D        | Noticed a burning bush
  2267 | D        | Killed a burning bush
  2289 | D        | Noticed an oklob sapling
  2289 | D        | Noticed a burning bush
  2289 | D        | Noticed an oklob plant
  2290 | D        | Noticed a wandering mushroom
  2291 | D        | Killed a burning bush
  2291 | D        | Acquired Dithmenos's second power
  2291 | D        | Reached XP level 9. HP: 35/35 MP: 20/24
  2653 | D        | Killed an oklob plant
  2653 | D        | Reached skill level 5 in Invocations
  2659 | D        | Killed an oklob sapling
  2664 | D        | Killed a wandering mushroom
  2664 | D        | Reached skill level 14 in Stealth
  2769 | D        | Noticed a spriggan druid
  2770 | D        | Killed a spriggan druid
  2770 | D        | Reached skill level 5 in Transmutations
  2770 | D        | Reached skill level 5 in Ice Magic
  2994 | D        | Learned a level 6 spell: Bolt of Cold
  3002 | D        | Noticed an oklob plant conjurer
  3003 | D        | Killed an oklob plant conjurer
  3460 | D        | Noticed an oklob plant
  3460 | D        | Noticed an oklob plant summoner
  3461 | D        | Noticed an oklob plant shifter
  3466 | D        | Killed an oklob plant summoner
  3469 | D        | Killed an oklob plant shifter
  3469 | D        | Reached XP level 10. HP: 39/39 MP: 21/26
  3474 | D        | Killed an oklob plant
  3474 | D        | Reached skill level 15 in Stealth
  3481 | D        | Noticed a demonic crawler
  3483 | D        | Killed a demonic crawler
  3486 | D        | Noticed a spriggan rider
  3486 | D        | Noticed a spriggan
  3486 | D        | Noticed a spriggan
  3487 | D        | Found Kuclil's Antique Armour Emporium.
  3493 | D        | Killed a spriggan
  3622 | D        | Found Owyadam's Weapon Shoppe.
  3624 | D        | Killed a spriggan
  3626 | D        | Killed a spriggan rider
  3626 | D        | Killed a wasp
  3626 | D        | Acquired Dithmenos's third power
  3626 | D        | Reached skill level 5 in Conjurations
  3707 | D        | Learned a level 6 spell: Ozocubu's Refrigeration
  3711 | D        | Noticed Agnes
  3713 | D        | Found Huguseic's Book Emporium.
  3713 | D        | Noticed a spriggan berserker
  3714 | D        | Found Quumos's Distillery.
  3723 | D        | Noticed a spriggan defender
  3724 | D        | Noticed a death yak
  3727 | D        | Killed Agnes
  3727 | D        | Reached skill level 15 in Dodging
  3727 | D        | Reached skill level 16 in Stealth
  3727 | D        | Reached skill level 10 in Hexes
  3727 | D        | Demolished by a spriggan berserker

Vault maps used:
D:        dungeon_sprint_fedhas

Action                   |  1- 3 |  4- 6 |  7- 9 | 10-12 || total
-------------------------+-------+-------+-------+-------++-------
Melee: Dagger            |     5 |    16 |       |       ||    21
       Rapier            |       |     3 |    54 |    10 ||    67
 Cast: Ensorcelled Hiber |       |     4 |     3 |     1 ||     8
       Confuse           |       |     1 |     5 |     1 ||     7
       Dazzling Spray    |       |     3 |     6 |     2 ||    11
Invok: Shadow Step       |       |       |     2 |     2 ||     4
 Abil: Evoke Invisibilit |       |     3 |     9 |     2 ||    14
Evoke: Wand              |       |       |       |     2 ||     2
  Use: Potion            |       |     1 |     1 |       ||     2
 Stab: Sleeping          |     5 |     7 |     7 |     5 ||    24
       Invisible         |       |     2 |    13 |     2 ||    17
       Confused          |       |       |     3 |       ||     3
       Distracted        |       |       |     1 |       ||     1
  Eat: Bread ration      |       |       |     1 |       ||     1
       Royal jelly       |       |       |     1 |       ||     1
